 Dungeon Crawl Stone Soup version 0.26-a0-597-gb535b0901c (webtiles) character file.

Game seed: 1706046732672345793

6 Descartes the Vexing (level 1, -1/7 HPs)
             Began as a Felid Wanderer on Aug 26, 2020.
             Slain by a leopard gecko (3 damage)
             ... on level 1 of the Dungeon.
             The game lasted 00:00:45 (275 turns).

Descartes the Vexing (Felid Wanderer)                Turns: 275, Time: 00:00:45

Health: -1/7       AC:  1    Str:  7    XL:     1   Next: 75%
Magic:  5/5        EV: 15    Int: 15    God:
Gold:   14         SH:  0    Dex: 14    Spells: 5/6 levels left
                                        Lives:  0   Deaths: 0

rFire    . . .     SeeInvis +   (weapon unavailable)
rCold    . . .     Faith    +   (shield unavailable)
rNeg     . . .     Spirit   .   (armour unavailable)
rPois    .         Reflect  .   (helmet unavailable)
rElec    .         Harm     .   (cloak unavailable)
rCorr    .                      (gloves unavailable)
MR       .....                  (boots unavailable)
Stlth    +++.......             c - amulet of faith
HPRegen  0.02/turn              (no ring)
MPRegen  0.09/turn              (no ring)

@: quick
A: very small, no armour, no weapons or thrown items, stealth, claws 1, fangs 3,
see invisible, speed 1, shaggy fur 1, sharp paws
a: no special abilities


You were on level 1 of the Dungeon.
You visited 1 branch of the dungeon, and saw 1 of its levels.

You collected 14 gold pieces.

Inventory:

Jewellery
 c - an amulet of faith (around neck)
Scrolls
 a - 2 scrolls of identify {unknown}
 b - 3 scrolls of teleportation
 e - a scroll of remove curse {unknown}
Potions
 d - a potion of lignification {unknown}


   Skills:
 + Level 0.6 Dodging
 + Level 2.9 Stealth
 + Level 0.3 Unarmed Combat
 + Level 3.0 Spellcasting
 + Level 0.3 Conjurations
   Level 3.0 Hexes
   Level 2.1 Transmutations
   Level 1.0 Poison Magic


You had 5 spell levels left.
You knew the following spells:

 Your Spells              Type           Power        Failure   Level
a - Magic Dart            Conj           #...         19%         1

Your spell library contained the following spells:

 Spells                   Type           Power        Failure   Level
 Slow                     Hex            ##......     9%          2
 Blink                    Tloc           N/A          30%         2
 Call Imp                 Summ           #.......     30%         2
 Mephitic Cloud           Conj/Pois/Air  #.......     45%         3
 Conjure Flame            Conj/Fire      #.......     50%         3


Dungeon Overview and Level Annotations

Branches:
Dungeon (1/15)

Altars:


Innate Abilities, Weirdness & Mutations

You cannot wear armour.
You are incapable of wielding weapons or throwing items.
Your paws allow you to move quietly. (Stealth)
You have sharp claws.
You have razor-sharp teeth.
You have supernaturally acute eyesight. (SInv)
You cover ground quickly.
You are covered in fur. (AC +1)
Your sharp claws are effective at attacking unaware monsters.


Message History

You scratch the leopard gecko but do no damage.
The leopard gecko bites you.
You barely miss the leopard gecko. The leopard gecko bites you.
The leopard gecko closely misses you.
You are too injured to fight recklessly!
You are too injured to fight recklessly!
You are too injured to fight recklessly!
You are too injured to fight recklessly!
You are too injured to fight recklessly!
You are too injured to fight recklessly!
You are too injured to fight recklessly!
A leopard gecko is nearby!
You barely miss the leopard gecko. The leopard gecko bites you.
* * * LOW HITPOINT WARNING * * *
You barely miss the leopard gecko.
The leopard gecko bites you but does no damage.
You scratch the leopard gecko.
The leopard gecko is lightly wounded.
The leopard gecko bites you.
You die...

### ### ### #.# #.#
#.# #.#####.###.#
#...........#
#.####..###.# #.#
#....#†######## ###.#
#....#.$.@l...#
....####....########.#
...............>
########....###
...........#
########...#
#######...######
......†.........
######..#######


You could see a leopard gecko.

Vanquished Creatures
  A hobgoblin (D:1)
  A ball python (D:1)
  3 bats (D:1)
  A frilled lizard (D:1)
  A rat (D:1)
7 creatures vanquished.

Notes
Turn   | Place    | Note
-------+----------+-------------------------------------------
     0 | D:1      | Descartes the Felid Wanderer began the quest for the Orb.
     0 | D:1      | Descartes set off with the following items: 2 scrolls of
                  | teleportation; and the following spell memorised: Magic
                  | Dart; and the following spells available to memorise: Slow,
                  | Blink, Call Imp, Mephitic Cloud, Conjure Flame
     0 | D:1      | Reached XP level 1. HP: 7/7 MP: 5/5
   275 | D:1      | Slain by a leopard gecko

Illustrated notes

Levels and vault maps discovered:
D:1:      matt_arrival_grand_opening, layout_basic

Action                   || total
-------------------------++-------
Melee: Unarmed           ||    21
       Bite              ||     1
 Stab: Sleeping          ||     2
Armor: Skin              ||     8
Dodge: Dodged            ||    18

Table legend: (Time is in decaauts)
 A = Elapsed time spent in this place.
 B = Non-inter-level travel time spent in this place.
 C = Inter-level travel time spent in this place.
 D = Time resting spent in this place.
 E = Time spent auto-exploring this place.
 F = Levels seen in this place.
 G = Mean time per level.
                   A        B        C        D        E       F      G
               +--------+--------+--------+--------+--------+-----+--------+
         Total |    252 |    252 |      0 |      0 |    202 |   1 |  252.0 |
       Dungeon |    252 |    252 |      0 |      0 |    202 |   1 |  252.0 |
               +--------+--------+--------+--------+--------+-----+--------+

Top non-repeatable levels by time:
     D:1: 252 daAuts
